 Dungeon Crawl Stone Soup version 0.29-a0-1027-gcd8c55af63 (webtiles) character file.

Game seed: 17887963131408876342

84 xian the Shooter (level 4, -2/27 HPs)
             Began as a Kobold Wanderer on Aug 13, 2022.
             Slain by Grinder (3 damage)
             ... while paralysed by Grinder
             ... on level 3 of the Dungeon.
             The game lasted 00:07:17 (2487 turns).

xian the Shooter (Kobold Wanderer)                  Turns: 2487, Time: 00:07:17

Health: -2/27      AC: 12    Str:  7    XL:     4   Next: 72%
Magic:  4/4        EV:  3    Int: 11    God:
Gold:   114        SH:  0    Dex: 20    Spells: 3/3 levels left

rFire   . . .      SeeInvis .   o - +2 short sword (protect)
rCold   . . .      Faith    .   n - +0 buckler
rNeg    . . .      Spirit   .   e - +0 robe
rPois   .          Reflect  .   s - +0 helmet
rElec   .          Harm     .   (no cloak)
rCorr   .          Rampage  .   p - +1 pair of gloves
Will    .....                   (no boots)
Stlth   +++.......              (no amulet)
HPRegen 0.09/turn               (no ring)
MPRegen 0.09/turn               (no ring)

@: paralysed, under a protective aura
A: small, no large weapons, nightstalker 3
a: no special abilities


You were on level 3 of the Dungeon.
You visited 1 branch of the dungeon, and saw 3 of its levels.

You collected 114 gold pieces.

Inventory:

Hand Weapons
 a - a +2 sling
 o - a +2 short sword of protection (weapon)
Armour
 e - a +0 robe (worn)
 n - a +0 buckler (worn)
 p - a +1 pair of gloves (worn)
 s - a +0 helmet (worn)
Scrolls
 b - 4 scrolls of enchant armour
 d - 2 scrolls of fog
 h - a scroll of teleportation {unknown}
 l - a scroll of fear
 m - a scroll of enchant weapon {unknown}
Potions
 f - a potion of attraction
 g - 2 potions of mutation {unknown}
 i - 4 potions of heal wounds
 j - 2 potions of ambrosia {unknown}
Miscellaneous
 c - a piece from Xom's chessboard (12/15) (quivered)


   Skills:
 + Level 2.5 Fighting
 * Level 1.4(2.3) Short Blades
 - Level 1.5(1.7) Long Blades
 + Level 6.2 Ranged Weapons
 + Level 1.1 Throwing
 + Level 0.3 Dodging
 + Level 2.5 Evocations


You had 3 spell levels left.
You didn't know any spells.
Your spell library contained the following spells:

 Spells                   Type           Power      Damage    Failure   Level
 Freeze                   Ice            0%         1d3       50%         1
 Sting                    Tmut/Pois      0%         1d3       50%         1
 Poisonous Vapours        Pois/Air       0%         N/A       63%         2
 Frozen Ramparts          Ice            0%         1d1       86%         3
 Hailstorm                Conj/Ice       0%         3d3       99%         4
 Olgreb's Toxic Radiance  Pois           0%         N/A       99%         4


Dungeon Overview and Level Annotations

Branches:
Dungeon (3/15)

Altars:
Elyvilon
Gozag
Ru

Annotations:
D:3 Grinder


Innate Abilities, Weirdness & Mutations

You are small and have problems with some larger weapons.
You are completely attuned to the shadows.


Message History

Grinder is severely wounded.
Grinder barely misses you.
Okay, then.
Throw: 2 darts (curare)
Press: ? - help, Q - select action, (/) - cycle Shift-Dir - straight line, f - Grinder
Aim: Grinder (severely wounded, 60% to hit)
You throw a curare-tipped dart.
The curare-tipped dart barely misses Grinder.
You block Grinder's attack.
Throw: dart (curare)
Press: ? - help, Q - select action, (/) - cycle Shift-Dir - straight line, f/p - Grinder
Aim: Grinder (severely wounded, 60% to hit)
You throw a curare-tipped dart.
The curare-tipped dart closely misses Grinder.
You block Grinder's attack.
Okay, then.
Sorry, you're not good enough to have a special ability.
Non-targeted evoke: piece from Xom's chessboard (14/15)
Press: ? - help, Q - select action Dir - look around, f - activate You make a move on Xom's chessboard...
Grinder resists with significant effort.
Grinder blinks!
Non-targeted evoke: piece from Xom's chessboard (13/15)
Press: ? - help, Q - select action Dir - look around, f - activate Look: Grinder (severely wounded)
You make a move on Xom's chessboard...
Grinder seems to slow down.
Unknown command.
Grinder hits you!
* * * LOW HITPOINT WARNING * * *
You hit Grinder.
Your weapon exudes an aura of protection.
Grinder is severely wounded.
You hit Grinder.
Grinder is almost dead.
Grinder gestures at you.
You suddenly lose the ability to move!
Grinder hits you.
* * * LOW HITPOINT WARNING * * *
You writhe in agony.
You die...

#.# #(# #(# #. #5#
###.# #@# .... #.#
.###.### #.#
.......## #.#
###.#...
#.###########.####
#...........).#
###############


You could see Grinder (slow).

Vanquished Creatures
  Robin (D:3)
  2 adders (D:2)
  3 worms
  5 ball pythons
  2 endoplasms
  A giant cockroach (D:3)
  9 goblins
  5 hobgoblins
  2 jackals (D:2)
  A quokka (D:2)
  5 bats
  2 frilled lizards
  3 kobolds
  3 rats
44 creatures vanquished.

Notes
Turn   | Place    | Note
-------+----------+-------------------------------------------
     0 | D:1      | xian the Kobold Wanderer began the quest for the Orb.
     0 | D:1      | xian set off with the following items: a +2 sling, a +0
                  | falchion, a piece from Xom's chessboard (15/15), a scroll
                  | of fog, a +0 robe.
     0 | D:1      | Reached XP level 1. HP: 12/12 MP: 1/1
   359 | D:1      | Found a faded altar of an unknown god.
   524 | D:1      | Reached XP level 2. HP: 17/17 MP: 2/2
  1083 | D:2      | Reached skill level 5 in Ranged Weapons
  1083 | D:2      | Reached XP level 3. HP: 13/21 MP: 3/3
  1299 | D:2      | Reached skill level 1 in Short Blades
  1709 | D:2      | Found an opulent altar of Gozag.
  1816 | D:3      | Reached XP level 4. HP: 27/27 MP: 4/4
  2234 | D:3      | Found a sacrificial altar of Ru.
  2240 | D:3      | Found a white marble altar of Elyvilon.
  2341 | D:3      | Noticed Robin
  2345 | D:3      | Killed Robin
  2346 | D:3      | Reached skill level 6 in Ranged Weapons
  2450 | D:3      | Noticed Grinder
  2461 | D:3      | Paralysed by Grinder for 5 turns
  2483 | D:3      | HP: 1/27 [Grinder (8)]
  2485 | D:3      | Paralysed by Grinder for 5 turns
  2487 | D:3      | Slain by Grinder

Illustrated notes

Levels and vault maps discovered:
D:1:      mrwooster_arrival_arrow, layout_basic,
          ebering_ecumenical_altar_sacrificial
D:2:      layout_basic, basic_altar, serial_corexii_hall,
          corexii_hall_statues_i, corexii_hall_statues_s,
          minmay_misc_feat_diagonals
D:3:      layout_loops_ring, mainiacjoe_overflow_alcove_3,
          uniq_crazy_yiuf_cottage, uniq_grinder, uniq_pargi, uniq_robin

Skill      XL: |  1  2  3  4 |
---------------+-------------+-----
Ranged Weapons | 5 6 |  6.2
Short Blades   | 1 |  1.4
Fighting       | |  2.5
Long Blades    | |  1.5
Throwing       | |  1.1
Dodging        | |  0.3
Evocations     | |  2.5

Action                   |  1- 3 |  4- 6 || total
-------------------------+-------+-------++-------
Melee: Short sword       |       |    23 ||    23
 Fire: Sling             |    84 |    50 ||   134
Throw: Dart              |       |     2 ||     2
Evoke: Piece from Xom's  |     5 |     2 ||     7
  Use: Potion            |     1 |       ||     1
       Scroll            |     2 |     2 ||     4
Armor: Robe              |     7 |     7 ||    14
Dodge: Dodged            |    36 |    16 ||    52
Block: Buckler           |     7 |     8 ||    15

Table legend: (Time is in decaauts)
 A = Elapsed time spent in this place.
 B = Non-inter-level travel time spent in this place.
 C = Inter-level travel time spent in this place.
 D = Time resting spent in this place.
 E = Time spent auto-exploring this place.
 F = Levels seen in this place.
 G = Mean time per level.
                   A        B        C        D        E       F      G
               +--------+--------+--------+--------+--------+-----+--------+
         Total |   2511 |   2454 |     57 |      0 |   2082 |   3 |  837.0 |
       Dungeon |   2511 |   2454 |     57 |      0 |   2082 |   3 |  837.0 |
               +--------+--------+--------+--------+--------+-----+--------+

Top non-repeatable levels by time:
     D:2: 937 daAuts
     D:1: 860 daAuts
     D:3: 712 daAuts
